Map: Oxide LE

Players

Kas

  • Race: Terran Terran

Krystianer - Winner!

  • Race: Protoss Protoss

Event: DreamHack SC2 Masters 2021 Fall

VOD

Have the link to the VOD?

Description

Time

  • Played on: Aug. 3, 2021, 10:42 a.m.
  • Length: 10:20

All games in this series

Show
View Real Time Build Order
Export as new Build Order

Kas Terran 

Build Orders: Reaper Expand 

Get SALT Encoding   

  12  0:00  SCV  
  13  0:12  SCV  
  14  0:17  Supply Depot  
  14  0:24  SCV  
  15  0:38  SCV  
  15  0:40  Barracks  
  16  0:43  Refinery  
  16  0:50  SCV  
  17  1:02  SCV  
  18  1:15  SCV  
  19  1:27  Reaper, Orbital Command  
  20  1:46  Command Center  
  20  1:50  Supply Depot  
  20  1:53  SCV  
  21  1:59  Marine  
  22  2:05  SCV  
  23  2:11  Factory  
  23  2:17  SCV, Bunker  
  23  2:21  Barracks Reactor  
  24  2:29  SCV  
  25  2:30  Refinery  
  25  2:41  SCV  
  26  2:53  SCV  
  26  2:56  Factory Tech Lab  
  27  2:59  Marine, Orbital Command  
  27  3:00  Marine  
  27  3:05  Starport  
  28  3:06  SCV  
  29  3:17  Marine x2  
  29  3:18  SCV  
  32  3:23  Cyclone  
  32  3:25  SCV  
  36  3:30  SCV  
  37  3:35  Marine x2  
  37  3:37  SCV, Supply Depot  
  40  3:42  Viking  
  40  3:43  SCV  
  43  3:49  SCV  
  43  3:50  Barracks  
  43  3:55  Marine, SCV  
  46  3:59  Marine  
  46  4:01  SCV  
  48  4:03  Widow Mine  
  48  4:07  Supply Depot  
  48  4:09  SCV, Barracks  
  51  4:13  SCV  
  51  4:16  Starport Tech Lab  
  52  4:21  SCV  
  53  4:25  SCV  
  53  4:30  Marine  
  55  4:31  Marine  
  55  4:33  SCV  
  55  4:37  SCV  
  58  4:39  Refinery, Engineering Bay  
  58  4:42  Supply Depot  
  58  4:45  SCV  
  58  4:48  Marine, Stimpack, Marauder  
  58  4:50  Starport Reactor  
  62  4:59  Refinery  
  62  5:00  Supply Depot  
  62  5:02  Supply Depot  
  62  5:03  Marine  
  62  5:04  SCV x2  
  62  5:05  Combat Shield  
  62  5:06  Marine, Marauder  
  68  5:08  Factory Reactor  
  68  5:11  Marauder  
  70  5:17  Terran Infantry Weapons Level 1  
  70  5:21  Marine, SCV x2  
  70  5:24  Marine  
  70  5:25  Supply Depot  
  74  5:33  SCV  
  74  5:34  Marauder x2  
  77  5:36  Medivac x2  
  77  5:39  Marine  
  77  5:42  Marine, SCV  
  84  5:45  Supply Depot  
  81  5:53  SCV  
  81  5:54  Missile Turret  
  81  5:55  Missile Turret  
  79  5:59  Marine  
  79  6:00  Marine, Marauder x2  
  83  6:06  Medivac  
  85  6:11  Widow Mine  
  85  6:12  Widow Mine, Medivac  
  85  6:16  Marine  
  85  6:17  Marine  
  93  6:21  SCV  
  93  6:24  Command Center  
  94  6:30  Marauder x2  
  98  6:33  Widow Mine  
  98  6:34  Widow Mine  
  98  6:38  Supply Depot  
  98  6:39  Supply Depot  
  102  6:40  Marine x2  
  102  6:46  Medivac x2  
  108  6:51  Marine  
  108  6:53  Missile Turret  
  109  7:00  SCV  
  109  7:01  Marine, Marauder  
  109  7:09  Marauder  
  109  7:13  Marine  
  102  7:19  Marine  
  102  7:21  Widow Mine x2  
  102  7:22  Marauder  
  103  7:23  Barracks  
  103  7:24  Barracks  
  99  7:30  Marauder  
  99  7:31  Marine  
  99  7:34  Medivac x2  
  99  7:36  Marine, SCV x2  
  106  7:42  Orbital Command  
  106  7:44  Marauder  
  106  7:49  Marine  
  107  7:52  Widow Mine x2, Marauder  
  107  7:53  Terran Infantry Armor Level 1  
  113  7:59  Marine  
  113  8:01  Armory  
  113  8:05  Marauder  
  115  8:07  Marine  
  115  8:09  SCV  
  115  8:12  Marine, Orbital Command  
  116  8:13  Widow Mine x2  
  116  8:17  Marine x2  
  116  8:19  SCV  
  123  8:21  SCV  
  123  8:23  Medivac x2, Marauder  
  123  8:26  Marine, Marauder  
  133  8:34  Marine  
  133  8:38  Marine x2  
  133  8:40  SCV  
  136  8:42  Missile Turret  
  136  8:44  Marine  
  136  8:48  Widow Mine x2  
  137  8:58  SCV x2  
  137  8:59  Concussive Shells  
  138  9:04  Marine  
  138  9:05  Marauder  
  138  9:08  Supply Depot  
  141  9:11  Barracks Reactor, Supply Depot x2, Barracks Tech Lab  
  141  9:12  SCV, Widow Mine x2, Marauder  
  148  9:21  Supply Depot  
  148  9:22  SCV  
  149  9:29  Marine x2  
  149  9:30  Medivac x2  
  133  9:44  Marauder  
  113  9:46  Marine  
  113  9:50  Widow Mine  
  113  9:51  Widow Mine  
  113  9:52  SCV  
  117  9:58  SCV  
  118  10:00  Marine x2  
Show
View Real Time Build Order
Export as new Build Order

Krystianer Protoss - Winner!

Build Orders: 1 Gate Expand, Oracle Opening, Phoenix Opening 

Get SALT Encoding   

  12  0:00  Probe  
  13  0:12  Probe  
  14  0:17  Pylon  
  14  0:24  Probe (Chrono Boost)  
  16  0:36  Gateway, Probe (Chrono Boost)  
  16  0:42  Probe (Chrono Boost)  
  16  0:45  Assimilator  
  17  0:50  Probe  
  18  1:03  Probe  
  19  1:15  Probe  
  20  1:21  Nexus  
  20  1:31  Cybernetics Core  
  20  1:35  Probe  
  20  1:39  Assimilator  
  21  1:47  Probe  
  22  1:49  Pylon  
  22  1:59  Probe  
  23  2:04  Adept (Chrono Boost)  
  25  2:11  Probe  
  26  2:18  Stargate  
  26  2:23  Probe (Chrono Boost)  
  26  2:27  Adept  
  29  2:35  Probe x2 (Chrono Boost)  
  31  2:39  Warp Gate  
  31  2:43  Probe x2 (Chrono Boost)  
  33  2:48  Probe (Chrono Boost)  
  33  2:49  Probe  
  35  2:59  Oracle (Chrono Boost)  
  35  3:00  Probe  
  35  3:01  Probe  
  40  3:12  Probe  
  41  3:13  Probe  
  41  3:19  Nexus  
  42  3:24  Probe  
  42  3:26  Probe  
  42  3:27  Pylon  
  44  3:36  Probe  
  44  3:41  Gateway  
  45  3:42  Gateway, Probe  
  45  3:46  Assimilator  
  45  3:48  Pylon  
  46  3:51  Probe  
  46  3:55  Phoenix  
  49  3:57  Probe  
  50  4:03  Probe  
  50  4:09  Probe  
  52  4:11  Twilight Council  
  52  4:12  Forge  
  52  4:15  Probe  
  53  4:20  Phoenix (Chrono Boost)  
  53  4:24  Probe (Chrono Boost)  
  56  4:27  Probe (Chrono Boost)  
  57  4:36  Probe (Chrono Boost)  
  57  4:38  Phoenix (Chrono Boost), Probe (Chrono Boost)  
  58  4:40  Shield Battery, Probe (Chrono Boost)  
  58  4:44  Probe (Chrono Boost)  
  58  4:45  Stalker  
  64  4:46  Probe (Chrono Boost)  
  64  4:48  Probe (Chrono Boost)  
  64  4:49  Stalker  
  64  4:52  Protoss Ground Weapons Level 1, Probe  
  68  4:53  Charge  
  68  4:54  Probe  
  68  4:58  Probe  
  68  4:59  Pylon  
  70  5:03  Phoenix (Chrono Boost)  
  69  5:07  Probe x2  
  69  5:10  Probe  
  72  5:14  Gateway  
  72  5:15  Gateway  
  72  5:17  Gateway  
  72  5:21  Phoenix (Chrono Boost)  
  74  5:35  Gateway, Probe  
  75  5:36  Gateway  
  75  5:37  Assimilator, Probe  
  75  5:38  Probe  
  75  5:39  Robotics Facility  
  75  5:42  Pylon, Phoenix (Chrono Boost)  
  79  5:48  Zealot  
  79  5:49  Zealot x2  
  85  6:03  Pylon, Probe  
  86  6:05  Pylon  
  86  6:06  Phoenix (Chrono Boost)  
  88  6:11  Sentry  
  88  6:12  Zealot  
  88  6:13  Gateway  
  88  6:16  Pylon  
  88  6:18  Pylon  
  92  6:19  Pylon  
  92  6:20  Gateway  
  94  6:26  Zealot x4  
  102  6:35  Assimilator  
  102  6:38  Robotics Bay  
  98  6:40  Zealot  
  98  6:42  Probe  
  98  6:44  Observer  
  98  6:45  Robotics Facility, Probe  
  98  6:46  Assimilator  
  103  6:55  Zealot x3  
  103  6:56  Zealot x4  
  117  7:02  Phoenix  
  117  7:05  Zealot  
  117  7:06  Probe  
  118  7:11  Protoss Ground Armor Level 1 (Chrono Boost)  
  112  7:19  Zealot x9  
  124  7:29  Zealot  
  120  7:32  Colossus (Chrono Boost)  
  120  7:33  Probe  
  126  7:38  Probe  
  126  7:39  Probe  
  128  7:45  Probe  
  128  7:46  Photon Cannon  
  128  7:49  Pylon  
  129  7:52  Pylon  
  129  8:01  Pylon, Nexus  
  129  8:04  Pylon  
  129  8:05  Colossus (Chrono Boost)  
  135  8:14  Colossus (Chrono Boost), Zealot  
  135  8:17  Extended Thermal Lance  
  135  8:19  Templar Archives  
  143  8:20  Probe x3  
  143  8:23  Pylon  
  146  8:32  Probe x3  
  149  8:42  Colossus (Chrono Boost)  
  155  8:51  Colossus (Chrono Boost), Zealot x3  
  155  8:53  Probe  
  168  8:57  Zealot x2  
  168  9:01  Pylon x2  
  170  9:03  Pylon  
  170  9:07  Assimilator  
  170  9:09  Assimilator  
  166  9:25  High Templar x4, Zealot  
  166  9:26  Zealot x2  
  166  9:28  Warp Prism (Chrono Boost)  
  166  9:29  Archon x2  
  144  9:47  Observer (Chrono Boost)  
  141  9:55  Zealot x6  
  141  9:57  Zealot x2, Probe x2  
  141  9:58  Observer (Chrono Boost)  
  160  10:05  Probe x2  

Tags
 
Add a new tag
Caveats
  • Supply blocks, unpowered buildings, or Contaminate may cause inaccurate times.
  • Supply counts are checked every 10 seconds.